 Dungeon Crawl Stone Soup version 0.25-a0-591-g2ad0d861f1 (webtiles) character file.

Game seed: 8318752559209304638, levelgen mode: deterministic

20200 kae the Stormcaller (level 12, -16/103 HPs)
             Began as a Green Draconian Air Elementalist on Mar 13, 2020.
             Was a Priest of Vehumet.
             Demolished by a death yak (20 damage)
             ... on level 4 of the Lair of Beasts.
             The game lasted 00:23:46 (19603 turns).

kae the Stormcaller (DrAE)                         Turns: 19603, Time: 00:23:46

Health: -16/103    AC: 15    Str: 10    XL:     12   Next: 43%
Magic:  27/33      EV: 12    Int: 20    God:    Vehumet [***...]
Gold:   662        SH:  0    Dex: 13    Spells: 13/28 levels left

rFire    . . .     SeeInvis .   a - +2 spear
rCold    . . .     Gourm    .   (no shield)
rNeg     . . .     Faith    .   (armour unavailable)
rPois    +         Spirit   .   (helmet restricted)
rElec    .         Reflect  .   C - +0 cloak {MR+}
rCorr    .         Harm     .   r - +1 pair of gloves
MR       +....                  (no boots)
Stlth    ++........             (no amulet)
HPRegen  0.27/turn              e - ring of magical power
MPRegen  0.23/turn              c - +4 ring of protection

@: no status effects
A: breathe noxious fumes, unfitting armour, poison resistance, cold-blooded, AC
+8
a: Breathe Noxious Fumes, Renounce Religion


You were on level 4 of the Lair of Beasts.
You worshipped Vehumet.
Vehumet was most pleased with you.
You were not hungry.

You visited 3 branches of the dungeon, and saw 15 of its levels.
You also visited: Sewer.

You collected 814 gold pieces.
You spent 152 gold pieces at shops.

Inventory:

Hand Weapons
 a - a +2 spear (weapon)
Armour
 r - a +1 pair of gloves (worn)
 C - a +0 cloak of magic resistance (worn)
Jewellery
 c - a +4 ring of protection (right hand)
 e - a ring of magical power (left hand)
 F - a +3 ring of strength
 H - an uncursed ring of magical power
 J - an uncursed ring of stealth
Wands
 s - a wand of random effects (17)
 t - a wand of enslavement (5)
 u - a wand of paralysis (9)
 w - a wand of acid (13)
 L - a wand of scattershot (8)
Scrolls
 g - 6 scrolls of remove curse
 k - 6 scrolls of magic mapping
 l - 4 scrolls of teleportation
 q - 3 scrolls of blinking
 y - a scroll of holy word
 z - 2 scrolls of immolation
 E - a scroll of fear
 G - 2 scrolls of fog
Potions
 d - 2 potions of magic
 f - 3 potions of curing
 h - a potion of berserk rage
 i - 3 potions of flight
 j - 2 potions of heal wounds
 m - 2 potions of brilliance
 n - 3 potions of degeneration
 o - 2 potions of stabbing
 p - a potion of cancellation
 v - a potion of invisibility
 x - a potion of mutation
 A - 2 potions of might
 B - 2 potions of resistance
 K - a potion of haste
Comestibles
 b - 16 rations
 D - a chunk of flesh


   Skills:
 + Level 8.9 Fighting
 - Level 1.7 Dodging
 - Level 1.7 Stealth
 + Level 8.6 Spellcasting
 - Level 3.1 Conjurations
 - Level 16.0 Air Magic


You had 13 spell levels left.
You knew the following spells:

 Your Spells              Type           Power        Failure   Level  Hunger
a - Shock                 Conj/Air       ####         1%          1    None
b - Static Discharge      Conj/Air       #####...     1%          3    None
c - Airstrike             Air            ######....   1%          4    ###....
d - Swiftness             Chrm/Air       #####...     1%          2    None
e - Lightning Bolt        Conj/Air       #####.....   1%          5    #####..

Your spell library contained the following spells:

 Spells                   Type           Power        Failure   Level  Hunger
 Fulminant Prism          Conj/Hex       ##........   11%         4    ###....
 Animate Skeleton         Necr           N/A          9%          1    None
 Apportation              Tloc           #.....       9%          1    None
 Beastly Appendage        Tmut           #.....       9%          1    None
 Corona                   Hex            #......      9%          1    None
 Summon Small Mammal      Summ           #...         9%          1    None
 Sticks to Snakes         Tmut           #.......     12%         2    None
 Spider Form              Tmut/Pois      #.........   24%         3    None
 Ice Form                 Ice/Tmut       #.......     63%         4    ###....
 Blade Hands              Tmut           #.........   92%         5    #####..


Dungeon Overview and Level Annotations

Branches:
Dungeon (10/15)            Temple (1/1) D:4            Lair (4/6) D:9
 Shoals (0/4) Lair:2        Snake (0/4) Lair:2          Orc (0/2) D:9
  Sewer (visited)

Altars:
Ashenzari
Cheibriados
Dithmenos
Elyvilon
Fedhas
Gozag
Hepliaklqana
Kikubaaqudgha
Makhleb
Nemelex Xobeh
Okawaru
Qazlal
Ru
Sif Muna
Trog
Uskayaw
Vehumet
Wu Jian
Xom
Yredelemnul
Zin
The Shining One

Shops:
D:4 :   D:6 =   D:7 }   D:8 *=?}*

Annotations:
D:10 Maggie, Snorg


Innate Abilities, Weirdness & Mutations

You can breathe blasts of noxious fumes.
Your lurid green scales are hard. (AC +8)
You cannot fit into any form of body armour.
Your system is resistant to poisons. (rPois)
You are cold-blooded and may be slowed by cold attacks.


Message History

The blink frog is almost dead.
You are struck by an arc of lightning.
The lightning grounds out.
The death yak bellows! x2
The spiny frog gives a loud, deep croak!
You hear a bellow!
The blink frog hits you but does no damage.
The blink frog hits you.
The blink frog blinks!
The blink frog hits you but does no damage.
The blink frog hits you!
* * * LOW HITPOINT WARNING * * *
The death yak snorts and paws the ground.
The blink frog hits you but does no damage.
The blink frog closely misses you. The blink frog hits you!
* * * LOW HITPOINT WARNING * * *
The blink frog blinks!
The blink frog closely misses you.
The blink frog blinks! x2
The blink frog hits you!
* * * LOW HITPOINT WARNING * * *
The death yak gores you!!
You die...

........ #..
........ #..
........ #..
........
##.F####
........ .
#...[..
........
...#P..P.#####Y
........
........F...Y..
........
......(@§.YY...
......YY
..#.###§Y..##P.
...P## ##.FP#
....# ...#.
#F.... ...$...


You could see 5 death yaks, a spiny frog and 3 blink frogs.

Vanquished Creatures
  A fire dragon (D:9)
  Erica (D:8)
  3 two-headed ogres
  Pikel (D:7)
  An oklob plant (Lair:1)
  Maurice (D:9)
  7 spiny frogs
  7 komodo dragons
  A rime drake (Lair:3)
  A snapping turtle (Lair:2)
  7 dream sheep
  2 blink frogs (Lair:4)
  4 hippogriffs
  Sigmund (D:2)
  3 yaks (Lair:3)
  3 basilisks
  4 hogs (D:8)
  A steam dragon (Lair:3)
  A human (D:8)
  A hungry ghost (D:9)
  4 wyverns
  3 nagas (Lair:2)
  4 orc warriors (D:9)
  6 water moccasins
  4 porcupines (Lair:1)
  3 slaves (D:7)
  3 sky beasts
  2 phantoms
  3 ice beasts
  An ogre (D:4)
  7 centaurs
  9 crocodiles
  7 bullfrogs
  2 big kobolds (Sewer)
  A gnoll sergeant (D:8)
  A wyvern zombie (D:6)
  5 scorpions
  2 electric eels
  A howler monkey (D:10)
  6 crimson imps
  6 jellies (Lair:1)
  9 orc priests
  2 bullfrog skeletons
  10 hounds
  3 orc wizards
  5 iguanas
  Terence (D:2)
  3 worker ants
  A statue (D:7)
  A killer bee zombie (D:7)
  A hound zombie (D:6)
  Robin (D:3)
  A howler monkey zombie (D:5)
  7 gnolls
  14 adders
  2 howler monkey skeletons
  A shadow imp (D:8)
  17 oozes
  An adder zombie (D:7)
  2 adder skeletons
  2 worms
  4 leopard geckos
  28 orcs
  A giant cockroach (D:3)
  17 goblins
  10 hobgoblins
  11 jackals
  5 quokkas
  6 ball pythons
  7 bats
  4 frilled lizards (D:3)
  A jackal skeleton (D:3)
  11 kobolds
  A leopard gecko skeleton (D:6)
  A quokka skeleton (D:5)
  A quokka zombie (D:7)
  7 rats
  A fungus (Lair:1)
331 creatures vanquished.

Vanquished Creatures (others)
  6 fungi
6 creatures vanquished.

Grand Total: 337 creatures vanquished

Notes
Turn   | Place    | Note
-------+----------+-------------------------------------------
     0 | D:1      | kae the Draconian Air Elementalist began the quest for the
                  | Orb.
     0 | D:1      | Reached XP level 1. HP: 14/14 MP: 3/3
   330 | D:1      | Reached XP level 2. HP: 20/20 MP: 0/5
  1347 | D:2      | Reached XP level 3. HP: 22/26 MP: 1/6
  1723 | D:2      | Noticed Sigmund
  1813 | D:3      | Reached skill level 4 in Air Magic
  1820 | D:3      | Reached XP level 4. HP: 9/33 MP: 1/7
  1914 | D:3      | Found a shadowy altar of Dithmenos.
  1969 | D:3      | Noticed Robin
  2187 | D:3      | Found a glowing drain.
  2213 | Sewer    | Entered a sewer
  2472 | Sewer    | Reached XP level 5. HP: 36/38 MP: 1/9
  2687 | Sewer    | Reached skill level 5 in Air Magic
  3065 | Sewer    | Reached XP level 6. HP: 12/45 MP: 0/11
  3527 | D:3      | Killed Robin
  3643 | D:2      | Noticed Terence
  3656 | D:2      | Killed Terence
  3750 | D:2      | Learned a level 3 spell: Static Discharge
  3755 | D:2      | Learned a level 4 spell: Airstrike
  3758 | D:2      | Learned a level 2 spell: Swiftness
  4057 | D:2      | Killed Sigmund
  4057 | D:2      | Reached skill level 6 in Air Magic
  4057 | D:2      | Your scales start taking on a lurid green colour.
  4057 | D:2      | Reached XP level 7. HP: 30/50 MP: 0/13
  4057 | D:2      | Gained mutation: Your system is resistant to poisons.
                  | (rPois) [Green Draconian growth]
  4195 | D:2      | Found a blossoming altar of Fedhas.
  4721 | D:4      | Found a snail-covered altar of Cheibriados.
  4799 | D:4      | Reached skill level 7 in Air Magic
  4911 | D:4      | Found a staircase to the Ecumenical Temple.
  4986 | Temple   | Entered the Ecumenical Temple
  5154 | D:4      | Found Adecwyw's Book Shoppe.
  5354 | D:5      | Entered Level 5 of the Dungeon
  5534 | D:5      | Reached skill level 8 in Air Magic
  5749 | D:5      | Reached XP level 8. HP: 57/57 MP: 14/14
  6123 | D:5      | Found a glowing silver altar of Zin.
  6436 | D:6      | Reached skill level 9 in Air Magic
  6906 | D:6      | Reached skill level 10 in Air Magic
  7113 | D:6      | Found Iplaycke's Jewellery Boutique.
  7118 | D:6      | Bought a cursed amulet of inaccuracy for 22 gold pieces
  7480 | D:7      | Reached skill level 11 in Air Magic
  7480 | D:7      | Reached XP level 9. HP: 56/62 MP: 12/15
  7511 | D:7      | Noticed Pikel
  8292 | D:7      | Killed Pikel
  8292 | D:7      | Reached skill level 12 in Air Magic
  8643 | D:7      | Found Xusareeg's Gadget Emporium.
  8766 | D:7      | Found a radiant altar of Vehumet.
  8775 | D:7      | Became a worshipper of Vehumet
  9095 | D:8      | Found Faril's Jewellery Emporium.
  9251 | D:8      | Learned a level 5 spell: Lightning Bolt
  9259 | D:8      | Found Usetis's Magic Scroll Shoppe.
  9263 | D:8      | Bought a scroll of identify for 26 gold pieces
  9263 | D:8      | Bought a scroll of identify for 26 gold pieces
  9263 | D:8      | Bought a scroll of identify for 26 gold pieces
  9263 | D:8      | Bought a scroll of identify for 26 gold pieces
  9263 | D:8      | Bought a scroll of identify for 26 gold pieces
  9301 | D:8      | Noticed a two-headed ogre
  9309 | D:8      | Killed a two-headed ogre
  9309 | D:8      | Reached skill level 13 in Air Magic
  9309 | D:8      | Reached XP level 10. HP: 43/69 MP: 1/16
  9456 | D:8      | Found Kamae's Gadget Shoppe.
  9534 | D:8      | Noticed Erica
  9587 | D:8      | Killed Erica
  9857 | D:8      | Found Jaorienn's Serpentskin Sales.
  9865 | D:8      | Reached skill level 14 in Air Magic
  9867 | D:8      | Reached * piety under Vehumet
  9867 | D:8      | Offered knowledge of Freeze by Vehumet.
 10221 | D:8      | Found an iron altar of Okawaru.
 10222 | D:8      | Found a shimmering blue altar of Sif Muna.
 10775 | D:8      | Found Ceniwkeb's General Store.
 10777 | D:8      | Noticed a two-headed ogre
 10781 | D:8      | Killed a two-headed ogre
 10781 | D:8      | Reached skill level 15 in Air Magic
 11133 | D:9      | Found a staircase to the Lair.
 11134 | D:9      | Noticed a fire dragon
 11140 | D:9      | Killed a fire dragon
 11152 | D:9      | Reached XP level 11. HP: 74/74 MP: 0/17
 11180 | D:9      | Noticed Maurice
 11519 | D:9      | Offered knowledge of Magic Dart by Vehumet.
 11575 | D:9      | Reached ** piety under Vehumet
 11617 | D:9      | Found a staircase to the Orcish Mines.
 11872 | D:9      | Killed Maurice
 12348 | D:10     | Entered Level 10 of the Dungeon
 12454 | D:10     | Reached skill level 16 in Air Magic
 12538 | D:10     | Noticed Maggie
 12542 | D:10     | Noticed Snorg
 12955 | D:10     | Reached skill level 1 in Fighting
 13313 | D:10     | Noticed a two-headed ogre
 13320 | D:10     | Killed a two-headed ogre
 13605 | Lair:1   | Entered Level 1 of the Lair of Beasts
 13724 | Lair:1   | Offered knowledge of Stone Arrow by Vehumet.
 13773 | Lair:1   | Reached skill level 5 in Spellcasting
 13774 | Lair:1   | HP: 4/82 [hippogriff (1)]
 14318 | Lair:1   | Noticed an oklob plant
 14385 | Lair:1   | Reached *** piety under Vehumet
 14574 | Lair:1   | Killed an oklob plant
 14805 | Lair:1   | Reached skill level 5 in Fighting
 15687 | Lair:2   | Found a shimmering altar of Xom.
 16154 | Lair:2   | Offered knowledge of Fulminant Prism by Vehumet.
 16407 | Lair:2   | Found a staircase to the Shoals.
 16728 | Lair:2   | Found a staircase to the Snake Pit.
 17103 | Lair:3   | Reached XP level 12. HP: 77/97 MP: 19/22
 17119 | Lair:3   | HP: 5/100 [poisoned by a spiny frog]
 17126 | Lair:2   | HP: 5/100 [poisoned by a spiny frog]
 17944 | Lair:3   | HP: 5/101 [poisoned by a spiny frog]
 17949 | Lair:3   | HP: 4/101 [poisoned by a spiny frog]
 17955 | Lair:3   | HP: 3/101 [poisoned by a spiny frog]
 17963 | Lair:3   | HP: 3/101 [poisoned by a spiny frog]
 19476 | Lair:4   | Noticed a death yak
 19477 | Lair:4   | Noticed a death yak
 19477 | Lair:4   | Noticed a death yak
 19596 | Lair:4   | Noticed a death yak
 19600 | Lair:4   | Noticed a death yak
 19603 | Lair:4   | Noticed a death yak
 19603 | Lair:4   | HP: 4/103 [blink frog (11)]
 19603 | Lair:4   | Demolished by a death yak

Levels and vault maps discovered:
D:1:      dpeg_arrival_signposts, layout_loops_ring
D:2:      layout_rooms, fedhas_ov_isle_minmay, uniq_sigmund, uniq_terence
D:3:      layout_rooms, nicolae_dithmenos_shadow_blocks, portal_sewer_entry_d,
          uniq_robin
D:4:      layout_loops_corners, minmay_temple_entry_trees, serial_shops, shop,
          cheibriados_altar_1
D:5:      layout_loops_ring, kennysheep_mini_moat, first_ration
D:6:      layout_basic, serial_shops, kennysheep_little_box
D:7:      layout_loops_cross, vehumet_statue, serial_shops,
          nicolae_shop_behind_doors, corexii_corridor_pit, uniq_pikel
D:8:      layout_loops_ring, nicolae_overflow_hidden_temple, serial_shops,
          shop_fountains, nicolae_shop_statue_plus, nicolae_shop_crystal, shop,
          grunt_livestock, guppyfry_shop_venom, uniq_erica
D:9:      layout_rooms, minmay_lair_entry_lava, david_orc_1_choice, minmay_puff,
          uniq_maurice
D:10:     layout_irregular_city, kennysheep_dice, uniq_maggie, uniq_snorg
Temple:   compressed_dpeg_circular_temple
Lair:1:   lemuel_slime, layout_long_grid, chequers_serial_rivers_large_a
Lair:2:   layout_long_grid, minmay_shoals_entry_hut,
          minmay_snake_entry_guardpost_large, basic_altar
Lair:3:   layout_regular_city, grunt_megastairs_3
Lair:4:   layout_small_grid

Skill      XL: |  1  2  3  4  5  6  7  8  9 10 11 12 |
---------------+-------------------------------------+-----
Air Magic      | 4 5 6 8 11 13 15 16 | 16.0
Conjurations   | 2 3 |  3.1
Spellcasting   | 3 4 7 8 |  8.6
Fighting       | 6 8 |  8.9
Dodging        | |  1.7
Stealth        | |  1.7

Action                   |  1- 3 |  4- 6 |  7- 9 | 10-12 || total
-------------------------+-------+-------+-------+-------++-------
Melee: Unarmed           |     3 |       |       |       ||     3
       Club              |     2 |       |       |       ||     2
       Spear             |    75 |   137 |    53 |   117 ||   382
       Tailslap          |     6 |    15 |     6 |    10 ||    37
 Cast: Shock             |    50 |   166 |   200 |   290 ||   706
       Static Discharge  |       |     4 |    52 |    95 ||   151
       Airstrike         |       |       |    24 |   118 ||   142
       Swiftness         |       |       |     1 |       ||     1
       Lightning Bolt    |       |       |       |     1 ||     1
 Abil: Breathe Noxious F |       |       |       |     3 ||     3
  Use: Potion            |     1 |     2 |     1 |     3 ||     7
       Scroll            |       |     7 |     8 |    15 ||    30
 Stab: Sleeping          |     2 |       |     1 |     1 ||     4
  Eat: Ration            |     1 |       |     2 |     6 ||     9
       Chunk             |       |     7 |    18 |    35 ||    60
Armor: Skin              |    24 |    70 |    84 |   160 ||   338
Dodge: Dodged            |    39 |   107 |   111 |   231 ||   488

Table legend:
 A = Non-vault XP
 B = Vault XP
 C = Vault XP percentage of total XP
 D = Non-vault monster count
 E = Vault monster count
 F = Vault count percentage of total count
                 A         B        C        D         E       F
            +---------+---------+-------+---------+---------+-------
      Total |   19815 |    9043 |  31.3 |     234 |      93 |  28.4
            +---------+---------+-------+---------+---------+-------
        D:1 |      37 |       0 |   0.0 |      23 |       0 |   0.0
        D:2 |      14 |     259 |  94.9 |       7 |       2 |  22.2
        D:3 |     121 |      48 |  28.4 |      27 |      13 |  32.5
        D:4 |     380 |       0 |   0.0 |       6 |       0 |   0.0
        D:5 |     501 |       0 |   0.0 |      17 |       0 |   0.0
        D:6 |     878 |       0 |   0.0 |      19 |       0 |   0.0
        D:7 |     910 |     705 |  43.7 |      17 |       2 |  10.5
        D:8 |    3216 |    2483 |  43.6 |      37 |      11 |  22.9
        D:9 |    1024 |    2031 |  66.5 |      25 |      14 |  35.9
       D:10 |    1366 |     170 |  11.1 |       7 |       2 |  22.2
     Lair:1 |    3739 |     901 |  19.4 |      15 |      21 |  58.3
     Lair:2 |    1738 |     763 |  30.5 |       9 |       4 |  30.8
     Lair:3 |    4288 |    1409 |  24.7 |      18 |       4 |  18.2
     Lair:4 |    1603 |       0 |   0.0 |       7 |       0 |   0.0
      Sewer |       0 |     274 | 100.0 |       0 |      20 | 100.0
            +---------+---------+-------+---------+---------+-------
